 Seeded DCSS version 0.30.1-4-g462c640d31 (webtiles) character file.

Game seed: 6351066067085065685 (custom seed)

1683 Esekla the Reanimator (level 8, -5/41 HPs)
             Began as a Deep Elf Necromancer on Aug 10, 2023.
             Was a Believer of Vehumet.
             Killed from afar by a white imp (13 damage)
             ... with a puff of frost
             ... on level 6 of the Dungeon.
             The game lasted 00:23:53 (4890 turns).

Esekla the Reanimator (Deep Elf Necromancer)        Turns: 4890, Time: 00:23:53

Health: -5/41      AC:  4    Str:  5    XL:     8   Next: 71%
Magic:  21/21      EV: 14    Int: 23    God:    Vehumet [**....]
Gold:   344        SH:  0    Dex: 18    Spells: 12/22 levels left

rFire   . . .        m - +5 rapier of the Hero {heavy, rN+ Dex+3}
rCold   . . .        (no shield)
rNeg    + . .        a - +0 robe
rPois   .            i - +0 helmet
rElec   .            (no cloak)
rCorr   .            k - +0 pair of gloves
SInv    .            (no boots)
Will    .....        B - amulet of magic regeneration
Stlth   +++          (no ring)
HPRegen 0.26/turn    (no ring)
MPRegen 0.57/turn

%: no passive effects
@: no status effects
A: no striking features
a: Renounce Religion


You were on level 6 of the Dungeon.
You worshipped Vehumet.
Vehumet was pleased with you.
You visited 1 branch of the dungeon, and saw 6 of its levels.

You collected 344 gold pieces.

Inventory:

Hand Weapons
 m - the +5 rapier of the Hero (weapon) {heavy, rN+ Dex+3}
   (You found it on level 3 of the Dungeon)

   Dex:       It affects your dexterity (+3).
   rN:        It protects you from negative energy.
 r - a +0 trident
Missiles
 s - a throwing net
 y - 15 poisoned darts (quivered)
Armour
 a - a +0 robe (worn)
 i - a +0 helmet (worn)
 k - a +0 pair of gloves (worn)
Jewellery
 B - an amulet of magic regeneration (around neck)
Wands
 o - a wand of roots (20)
 A - a wand of flame (15)
Scrolls
 c - 2 scrolls of blinking {unknown}
 e - 3 scrolls of fear {unknown}
 l - a scroll of immolation {unknown}
 n - 8 scrolls of identify {unknown}
 p - a scroll of enchant armour {unknown}
 q - 2 scrolls of amnesia {unknown}
 t - a scroll of silence {unknown}
 u - a scroll of summoning {unknown}
 v - 3 scrolls of enchant weapon {unknown}
 w - 2 scrolls of fog {unknown}
 D - a scroll of magic mapping {unknown}
 E - a scroll of teleportation {unknown}
Potions
 b - a potion of magic
 d - 3 potions of ambrosia {unknown}
 f - 3 potions of attraction {unknown}
 g - a potion of haste {unknown}
 h - a potion of mutation {unknown}
 j - 6 potions of curing {unknown}
 x - 2 potions of brilliance
 z - 2 potions of heal wounds {unknown}
 C - a potion of lignification {unknown}


   Skills:
 + Level 2.8 Short Blades
 + Level 0.5 Throwing
 * Level 4.7 Dodging
 + Level 4.3 Stealth
 * Level 7.7 Spellcasting
 * Level 8.7 Necromancy
 * Level 3.0 Translocations
 * Level 2.4 Air Magic
 * Level 3.1 Poison Magic


You had 12 spell levels left.
You knew the following spells:

 Your Spells              Type           Power      Damage    Failure   Level
a - Necrotise             Necr           100%       1d9       1%          1
b - Sandblast             Erth           16%        2d6       7%          1
d - Vampiric Draining     Necr           49%        2d9       1%          3
t - Teleport Other        Tloc           22%        N/A       6%          3
v - Poisonous Vapours     Pois/Air       42%        N/A       3%          2

Your spell library contained the following spells:

 Spells                   Type           Power      Damage    Failure   Level
 Hailstorm                Conj/Ice       8%         3d4       22%         3
 Animate Dead             Necr           49%        N/A       1%          4
 Lesser Beckoning         Tloc           44%        N/A       3%          2
 Agony                    Necr           49%        N/A       5%          5
 Gell's Gravitas          Tloc           22%        N/A       6%          3
 Spider Form              Tmut/Pois      16%        N/A       11%         3
 Cause Fear               Hex            4%         N/A       56%         4
 Summon Mana Viper        Hex/Summ       8%         N/A       89%         5


Dungeon Overview and Level Annotations

Branches:
Dungeon (6/15)             Temple (0/1) D:6

Altars:
Dithmenos
Hepliaklqana
Okawaru
Qazlal
Trog
Vehumet
Zin
The Shining One

Shops:
D:2 =   D:4 (

Annotations:
D:6 Blork the orc


Message History

You see here an adder corpse.
z - 2 puce potions (gained 1)
Found a scroll labelled LIXOR VONLAKI.
Found a stone staircase leading up.
c - 2 scrolls labelled LIXOR VONLAKI (gained 1)
Found a leather armour.
There is a stone staircase leading up here.
You see here a +0 leather armour.
Found a scale mail.
Found a stone staircase leading down.
n - 8 scrolls labelled OPUZOUSOET (gained 2)
You see here an adder corpse.
The white imp misses you.
You barely miss the white imp. The white imp misses you.
You hit the white imp but do no damage. The white imp hits you.
The white imp freezes you.
The white imp picks up a beetle and eats it.
The white imp hits you but does no damage.
You hit the white imp but do no damage. You punch the white imp.
The white imp is moderately wounded.
The white imp barely misses you.
You puncture the white imp!
The white imp is almost dead.
The white imp gestures at you. The puff of frost hits you!
The white imp barely misses you.
You barely miss the white imp.
The white imp is almost dead.
The white imp gestures at you. The puff of frost hits you!
The white imp hits you. The white imp freezes you.
You closely miss the white imp.
The white imp is almost dead.
The white imp misses you.
You closely miss the white imp.
The white imp is almost dead.
The white imp gestures at you. The puff of frost hits you!
* * * LOW HITPOINT WARNING * * *
The white imp gestures at you. The puff of frost hits you!
You die...

# #.......#.#.........# #
#.......#.#.........# ##
#......[#.#.........# .##
#.......#.##.......## #.##
#.......#.........##
##.###.......###........#
##.#####.#### #..##†#..# ##.##
#.######..#..#..#
#.#######......5@...##..#
.#........####.#........# #####
#..##.........#........#### #...#
##....#......###....#.....# #.#.#
#..#####...##.#.###.#.....###.#.#
.#.#####..####.## #.#.........#..
##........# #......#......######
..#.#####.# ########<........#..
#...# ##.## ###)#####.#.#


You could see a white imp.

Vanquished Creatures
  Pikel (D:6)
  An ice beast (D:6)
  A sky beast (D:6)
  A black bear (D:2)
  An ogre (D:5)
  A kobold brigand (D:6)
  2 scorpions (D:5)
  A gnoll bouda (D:4)
  5 hounds
  A jelly (D:6)
  A sleepcap (D:5)
  5 iguanas
  12 gnolls
  9 adders
  2 white imps
  3 dart slugs
  11 orcs
  6 ball pythons
  4 endoplasms
  8 goblins
  5 hobgoblins
  A quokka (D:1)
  4 bats
  4 frilled lizards
  11 kobolds
  A rat (D:2)
102 creatures vanquished.

Notes
Turn   | Place    | Note
-------+----------+-------------------------------------------
     0 | D:1      | Esekla the Deep Elf Necromancer began the quest for the
                  | Orb.
     0 | D:1      | Reached XP level 1. HP: 10/10 MP: 6/6
   322 | D:1      | Reached skill level 5 in Necromancy
   475 | D:4      | Found an iron altar of Okawaru.
   537 | D:4      | Found a glowing silver altar of Zin.
   556 | D:4      | Found a radiant altar of Vehumet.
   560 | D:4      | Became a worshipper of Vehumet
   660 | D:3      | Reached XP level 2. HP: 15/15 MP: 8/8
   728 | D:3      | Identified the +5 rapier of the Hero {heavy, rN+ Dex+3}
   800 | D:2      | Found Renulab's Jewellery Shop.
  1054 | D:3      | Found a stormy altar of Qazlal.
  1064 | D:3      | Reached XP level 3. HP: 19/19 MP: 9/9
  1068 | D:3      | Learned a level 3 spell: Vampiric Draining
  1358 | D:3      | Found a hazy altar of Hepliaklqana.
  1358 | D:3      | Found a bloodstained altar of Trog.
  1365 | D:3      | Reached skill level 1 in Short Blades
  1365 | D:3      | Reached XP level 4. HP: 24/24 MP: 6/11
  1711 | D:4      | Found a glowing golden altar of the Shining One.
  1856 | D:4      | Reached * piety under Vehumet
  1856 | D:4      | Offered knowledge of Sandblast by Vehumet.
  1867 | D:4      | Learned a level 1 spell: Sandblast
  1932 | D:4      | Reached skill level 6 in Necromancy
  1932 | D:4      | Reached XP level 5. HP: 17/28 MP: 5/12
  2189 | D:4      | Found Ponaysk's Antique Weapon Boutique.
  2690 | D:1      | Learned a level 3 spell: Teleport Other
  2872 | D:2      | Found a faded altar of an unknown god.
  2935 | D:2      | Noticed a black bear
  2948 | D:2      | Killed a black bear
  2949 | D:2      | Reached skill level 1 in Translocations
  2949 | D:2      | Reached XP level 6. HP: 31/32 MP: 10/15
  3207 | D:4      | Offered knowledge of Poisonous Vapours by Vehumet.
  3208 | D:4      | Reached skill level 5 in Spellcasting
  3219 | D:4      | Learned a level 2 spell: Poisonous Vapours
  3290 | D:4      | Upgraded the game from 0.30.1-3-gfc49f6343a to
                  | 0.30.1-4-g462c640d31
  3292 | D:5      | Entered Level 5 of the Dungeon
  3383 | D:5      | Reached ** piety under Vehumet
  3455 | D:5      | Reached skill level 7 in Necromancy
  3547 | D:5      | Found a shadowy altar of Dithmenos.
  3618 | D:5      | You fall into a shaft and drop 1 floor!
  3705 | D:6      | Reached XP level 7. HP: 34/36 MP: 14/16
  3743 | D:5      | Reached skill level 1 in Poison Magic
  3880 | D:5      | HP: 1/36 [ogre/+0 giant club (21)]
  3885 | D:5      | Reached skill level 1 in Air Magic
  4076 | D:5      | Got the Parchment of the Lumpy Olives
  4250 | D:6      | Noticed Blork the orc
  4256 | D:6      | Reached skill level 8 in Necromancy
  4256 | D:6      | Reached XP level 8. HP: 17/41 MP: 8/19
  4552 | D:6      | Found a staircase to the Ecumenical Temple.
  4555 | D:6      | Noticed Pikel
  4584 | D:6      | Killed Pikel
  4689 | D:6      | Offered knowledge of Hailstorm by Vehumet.
  4890 | D:6      | Killed from afar by a white imp

Illustrated notes

Levels and vault maps discovered:
D:1:      sevenhm_arrival_forest_fort_small_3, layout_rooms,
          chequers_serial_rivers_room_b, minmay_misc_feat_five
D:2:      layout_loops_ring, dreamdust_ecumenical_altar_angels_and_demons,
          serial_shops, shop
D:3:      layout_basic, grunt_temple_overflow_open, minmay_misc_feat_iff
D:4:      layout_basic, nicolae_overflow_quartered_altars, serial_shops,
          nicolae_diamond_shop
D:5:      layout_loops_ring, lemuel_doored_altar, minmay_misc_feat_rows,
          dreamdust_wishing_well
D:6:      layout_loops_cross, fedhas_altar_fruit_tree,
          minmay_temple_entry_glass, uniq_pikel, uniq_blork_the_orc

Skill      XL: |  1  2  3  4  5  6  7  8 |
---------------+-------------------------+-----
Necromancy     | 5 6 7 8 |  8.7
Stealth        | 3 4 |  4.3
Short Blades   | 1 2 |  2.8
Dodging        | 3 4 |  4.7
Spellcasting   | 4 5 6 7 |  7.7
Translocations | 1 2 3 |  3.0
Poison Magic   | 2 3 |  3.1
Air Magic      | 1 2 |  2.4
Throwing       | |  0.5

Action                     |  1- 3 |  4- 6 |  7- 9 || total
---------------------------+-------+-------+-------++-------
  Melee: Short sword       |    21 |       |       ||    21
         Unarmed           |     9 |       |       ||     9
         Rapier            |    21 |    76 |    56 ||   153
         Punch             |       |       |     2 ||     2
  Throw: Dart              |       |     5 |     8 ||    13
   Cast: Vampiric Draining |     2 |    24 |    25 ||    51
         Teleport Other    |       |       |     1 ||     1
    Use: Potion            |       |       |     1 ||     1
   Stab: Sleeping          |     4 |     8 |     1 ||    13
 Armour: Robe              |    10 |    20 |    17 ||    47
  Dodge: Dodged            |    37 |    78 |    60 ||   175
